[Event "Vastgota Open 2022"]
[Site "Skara stadshotell, Jarnvagsgatan 5, Skara, Sweden"]
[Date "2022.10.29"]
[Round "3.6"]
[White "Eklund, Lars-Goran"]
[Black "Ranby, Hans"]
[Result "1-0"]
[TimeControl "30 minutes + 10 seconds per move from move one."]
[WhiteTitle "FM"]
[WhiteFideId "1701010"]
[BlackFideId "1710311"]
[WhiteElo "2176"]
[BlackElo "1858"]

1. Nf3 Nf6 2. c4 g6 3. Nc3 Bg7 4. e4 d6 5. d4 O-O 6. Be2 Bg4 7. Be3 Nbd7 8. Qd2 e5 9. O-O exd4 10.
Nxd4 Bxe2 11. Qxe2 Re8 12. f3 Nc5 13. Rfd1 Ne6 14. Nb3 Qe7 15. Qd2 Rad8 16. Rac1 Nf8 17. a4 a6 18. Bg5 Qe6 19.
Nd5 Rd7 20. Nd4 Qe5 21. f4 Nxe4 22. fxe5 Nxd2 23. Rxd2 Bxe5 24. Nf6+ Bxf6 25. Bxf6 Ne6 26. Re1 Rf8 27. Nxe6 fxe6 28.
Rxe6 Rdf7 29. Rf2 h6 30. Bd4 Kh7 31. Ref6 Rxf6 32. Rxf6 Re8 33. Rf7+ Kg8 34. Rxc7 Re2 35. Kf1 Rc2 36.
Bc3 b6 37. Rb7 Rc1+ 38. Kf2 Ra1 39. Rxb6 Rxa4 40. Rxd6 Rxc4 41. Rxg6+ Kf7 42. Rf6+ Ke7 43. Rxh6 a5 44. Kg3 a4 45.
Rh4 Rc6 46. Rxa4 Re6 47. Kf3 Kf7 48. g4 Rh6 49. Ra7+ Ke8 50. Kg3 Re6 51. h4 Re2 52. h5 Kf8 53. h6 Re3+ 54. Kf4 Rh3 55.
h7 1-0

[Event "Vastgota Open 2022"]
[Site "Skara stadshotell, Jarnvagsgatan 5, Skara, Sweden"]
[Date "2022.10.29"]
[Round "3.7"]
[White "Cederqvist, Niclas"]
[Black "Johnson, Daniel"]
[Result "1/2-1/2"]
[TimeControl "30 minutes + 10 seconds per move from move one."]
[WhiteFideId "1702076"]
[BlackFideId "1721283"]
[WhiteElo "1883"]
[BlackElo "2155"]

1. d4 d5 2. c4 e6 3. Nc3 Nf6 4. Nf3 Bb4 5. e3 O-O 6. a3 Be7 7. Bd3 dxc4 8. Bxc4 c5 9. dxc5 Qxd1+ 10. Kxd1 Bxc5 11. b4 Be7 12. Bb2 Nbd7 13. Ke2 a5 14. b5 Nc5 15. Rhd1 Bd7 16. Ne5 Rfc8 17. Nxd7 Nfxd7 18. Rac1 Bf6 19.
Ba2 Kf8 20. f3 Ke7 21. Rd2 Nb6 22. Rdc2 Ke8 23. Nd1 Bxb2 24. Nxb2 Ncd7 25. Bb1 Rxc2+ 26. Rxc2 1/2-1/2

[Event "Vastgota Open 2022"]
[Site "Skara stadshotell, Jarnvagsgatan 5, Skara, Sweden"]
[Date "2022.10.29"]
[Round "3.8"]
[White "Lind, Jan-Olov"]
[Black "Bjorklund, Thomas"]
[Result "1-0"]
[TimeControl "30 minutes + 10 seconds per move from move one."]
[WhiteFideId "1701193"]
[BlackFideId "1724576"]
[WhiteElo "2123"]
[BlackElo "2122"]

1. e4 e5 2. Nf3 Nc6 3. d4 exd4 4. c3 dxc3 5. Nxc3 d6 6. Bc4 Be7 7. Qb3 Be6 8. Bxe6 fxe6 9. Qxb7 Na5 10.
Qa6 c5 11. e5 Qb6 12. Qb5+ Nc6 13. exd6 Bxd6 14. O-O O-O-O 15. Qc4 Re8 16. Ne4 Bf8 17. Be3 Nf6 18. Bxc5 Bxc5 19. Nxc5 Kb8 20.
b4 e5 21. Ng5 Ka8 22. a3 Re7 23. Nge4 Nd4 24. Rfe1 Rd8 25. Rac1 Nd5 26. Nc3 Nxc3 27. Qxc3 Qb5 28. Qe3 Kb8 29.
a4 Qb6 30. b5 e4 31. Na6+ Ka8 32. Qg5 Qf6 33. Qd5+ Rb7 34. Qxe4 Nb3 35. Rc7 Na5 36. Rec1 Qd6 37. Rc8+ Qb8 38. Rxb8+ Rdxb8 39. Nc7# 1-0

[Event "Vastgota Open 2022"]
[Site "Skara stadshotell, Jarnvagsgatan 5, Skara, Sweden"]
[Date "2022.10.29"]
[Round "3.9"]
[White "Thyberg, Andre"]
[Black "Koski, Viljo"]
[Result "1-0"]
[TimeControl "30 minutes + 10 seconds per move from move one."]
[WhiteFideId "1764764"]
[BlackFideId "1717553"]
[WhiteElo "1632"]
[BlackElo "1870"]

1. e4 e5 2. Nf3 Nc6 3. Bc4 Be7 4. c3 Nf6 5. d3 d6 6. h3 O-O 7. O-O Na5 8. Nbd2 h6 9. b4 Nxc4 10.
Nxc4 Be6 11. Na5 Qc8 12. Re1 c6 13. d4 b6 14. Nb3 exd4 15. Nbxd4 c5 16. Nxe6 fxe6 17. e5 Nd5 18. exd6 Bf6 19.
d7 Qxd7 20. Ne5 Bxe5 21. Rxe5 Qf7 22. Qe1 Rae8 23. bxc5 bxc5 24. Ba3 Qg6 25. Bxc5 Nf4 26. Qe4 Nxh3+ 27. Kf1 Qxe4 28. Rxe4 Ng5 29.
Ra4 Rf5 30. Be3 a5 31. Rb1 Rc8 32. Bd4 Ne4 33. Rb7 Nxc3 34. Rxg7+ Kf8 35. Rh7 Kg8 36.
Rh8+ Kf7 37. Rxc8 Nxa4 38. Rc4 e5 39. Rxa4 exd4 40. Rxd4 Rc5 41. Ke2 Ke6 42. Kd3 Rc1 43. Rh4 Ra1 44.
Ra4 Rg1 45. g3 Rd1+ 46. Ke3 Rd5 47. Rh4 h5 48. Rc4 Ke5 49. Rc8 Ke6 50. Re8+ Kf7 51. Ra8 Ke6 52. Ra6+ Ke5 53. Rh6 Kf5 1-0

[Event "Vastgota Open 2022"]
[Site "Skara stadshotell, Jarnvagsgatan 5, Skara, Sweden"]
[Date "2022.10.29"]
[Round "3.10"]
[White "Berglund, Joar"]
[Black "Bellon Lopez, Juan Manuel"]
[Result "0-1"]
[TimeControl "30 minutes + 10 seconds per move from move one."]
[BlackTitle "GM"]
[WhiteFideId "1737856"]
[BlackFideId "2200031"]
[WhiteElo "1725"]
[BlackElo "2347"]

1. e4 c5 2. Nf3 e6 3. Nc3 a6 4. a4 Qc7 5. Bc4 d6 6. O-O Nf6 7. d3 Nbd7 8.
Bf4 Ne5 9. Nxe5 dxe5 10. Bg3 Bd6 11. Qd2 O-O 12. f4 exf4 13. Bxf4 Bxf4 14. Qxf4 Qxf4 15. Rxf4 Nd7 16. Raf1 Ne5 17. Bb3 Bd7 18. Nd1 b5 19.
axb5 axb5 20. Ne3 h5 21. Rh4 g6 22.
g4 Rfc8 23. c3 c4 24. dxc4 bxc4 25. Bc2 hxg4 26. Nxg4 Nxg4 27. Rxg4 Ra2 28. e5 Be8 29. Rb1 Rc5 30. h4 Kf8 31. Re4 Bc6 32. Re2 Ke7 33. Kf2 Rb5 34.
b4 cxb3 35. Bxb3 Rxe2+ 36. Kxe2 Rxe5+ 37. Kf2 Re4 38. Rh1 Rf4+ 39. Ke3 Rf3+ 40. Kd2 Rxc3 41. Kxc3 Bxh1 42. Kd4 Kd6 43. Ba4 Bc6 44.
Bxc6 e5+ 45. Ke4 0-1

[Event "Vastgota Open 2022"]
[Site "Skara stadshotell, Jarnvagsgatan 5, Skara, Sweden"]
[Date "2022.10.29"]
[Round "4.1"]
[White "Blomqvist, Erik"]
[Black "Johansson, Ulf"]
[Result "1-0"]
[TimeControl "30 minutes + 10 seconds per move from move one."]
[WhiteTitle "GM"]
[WhiteFideId "1709437"]
[BlackFideId "1701380"]
[WhiteElo "2490"]
[BlackElo "2183"]

1. e4 c5 2. Nf3 Nc6 3.
d4 cxd4 4. Nxd4 Nf6 5. Nc3 e5 6. Ndb5 d6 7.
Nd5 Nxd5 8. exd5 Nb8 9.
a4 Be7 10. Be2 f5 11. f4 Nd7 12. O-O O-O 13. Kh1 a6 14. Na3 Bf6 15. Nc4 exf4 16. Nxd6 Be5 17. Nc4 g5 18. Nxe5 Nxe5 19.
Qd4 Qf6 20. c4 Bd7 21. b4 Ng4 22. Bb2 Qxd4 23. Bxd4 Rae8 24. Rfe1 Re4 25. Bc3 Rfe8 26. Bf1 Rxe1 27. Rxe1 Rxe1 28.
Bxe1 Ne3 29. Bd3 Bxa4 30. d6 Kf7 31. Kg1 Ke6 32. c5 Bc2 33. Be2 Be4 34. Bd2 Nxg2 35. b5 Nh4 36. bxa6 bxa6 37.
Kf2 Bb7 38. Bc3 Ng6 39. Bg7 g4 40. Bd3 a5 41. Bxf5+ Kf7 42. d7 Nh4 1-0

[Event "Vastgota Open 2022"]
[Site "Skara stadshotell, Jarnvagsgatan 5, Skara, Sweden"]
[Date "2022.10.29"]
[Round "4.2"]
[White "Eklund, Lars-Goran"]
[Black "Cramling, Pia"]
[Result "1/2-1/2"]
[TimeControl "30 minutes + 10 seconds per move from move one."]
[WhiteTitle "FM"]
[BlackTitle "GM"]
[WhiteFideId "1701010"]
[BlackFideId "1700030"]
[WhiteElo "2176"]
[BlackElo "2421"]

1. Nf3 c5 2. c4 Nf6 3. Nc3 e6 4. e4 Nc6 5. a3 Qb6 6. Be2 Be7 7. O-O O-O 8. Rb1 a5 9. d3 d6 10.
h3 Rd8 11. Be3 d5 12. cxd5 exd5 13. e5 Ne8 14. d4 Bf5 15. dxc5 Qa7 16. Rc1 d4 17. Nxd4 Nxd4 18. Bxd4 Bxc5 19. Bxc5 Qxc5 20. Qb3 Qxe5 21.
Bf3 Nf6 22. Rfd1 Rxd1+ 23. Rxd1 Rb8 24. Qb5 Qxb5 25. Nxb5 b6 26.
Nd4 Bd7 27. Rc1 Rc8 28. Rxc8+ Bxc8 29. b4 1/2-1/2

[Event "Vastgota Open 2022"]
[Site "Skara stadshotell, Jarnvagsgatan 5, Skara, Sweden"]
[Date "2022.10.29"]
[Round "4.3"]
[White "Kleimark, Anders"]
[Black "Golubka, Petro"]
[Result "0-1"]
[TimeControl "30 minutes + 10 seconds per move from move one."]
[BlackTitle "GM"]
[WhiteFideId "1709968"]
[BlackFideId "14114224"]
[WhiteElo "2048"]
[BlackElo "2335"]

1. d4 d5 2. c4 dxc4 3. e3 e5 4. Bxc4 Nc6 5. Qb3 Qd7 6. dxe5 Nxe5 7. Bb5 c6 8. Be2 Qe6 9. Qxe6+ Bxe6 10.
Nf3 Nxf3+ 11. Bxf3 O-O-O 12. O-O Nf6 13. e4 Bc5 14. Nc3 h6 15. Bf4 g5 16. Be5 Bd4 17. Bxd4 Rxd4 18. h3 h5 19.
e5 Nd7 20. Rfe1 g4 21. hxg4 hxg4 22. Bd1 Rh5 23. Bb3 Rxe5 24.
Bxe6 Rxe6 25. Rxe6 fxe6 26. Re1 Nc5 27. Re5 b6 28. a3 a5 29. Ne2 Rd1+ 30. Kh2 Rb1 31. Nd4 Rxb2 32. Nxe6 Nd3 33. Re3 Nxf2 34. Kg3 a4 35.
Re5 Nd3 36. Rg5 Rb3 37. Kxg4 Rxa3 38. Kf5 Ra1 39. Kf6 Rf1+ 40. Ke7 a3 41. Nd4 a2 42. Nb3 Nc5 0-1

[Event "Vastgota Open 2022"]
[Site "Skara stadshotell, Jarnvagsgatan 5, Skara, Sweden"]
[Date "2022.10.29"]
[Round "4.4"]
[White "Johnson, Daniel"]
[Black "Thyberg, Andre"]
[Result "0-1"]
[TimeControl "30 minutes + 10 seconds per move from move one."]
[WhiteFideId "1721283"]
[BlackFideId "1764764"]
[WhiteElo "2155"]
[BlackElo "1632"]

1. d4 Nf6 2. c4 c5 3. d5 b5 4. cxb5 a6 5. e3 g6 6. Nc3 d6 7. Nf3 Bg7 8. a4 O-O 9. e4 axb5 10.
Bxb5 Ba6 11. Be2 Qa5 12. O-O Bxe2 13. Qxe2 Nbd7 14. Ra3 Qb4 15. Nd2 Nb6 16. a5 Nbd7 17. Ra4 Qb7 18. a6 Qc8 19.
a7 Ne8 20. Nc4 Qb7 21. Na5 Qxa7 22. Nc6 Qb7 23. Nxe7+ Kh8 24. Rxa8 Qxa8 25. f4 Nc7 26. Nc6 Re8 27. Qf3 Nb8 28.
e5 Nxc6 29. dxc6 dxe5 30. fxe5 Bxe5 31. Qxf7 Qxc6 32. Bh6 Qe6 33. Qf3 Bg7 34. Bxg7+ Kxg7 35. Kh1 Qe7 36. Qd1 Ne6 37. Nd5 Qg5 38.
Nf6 Re7 39. Ne4 Qe5 40. Nc3 Nd4 41. Qc1 Nf5 42. Qg5 Qe3 43. Qg4 Qe1 44. Qd1 Qe5 45. Qd2 Qd4 46. Qxd4+ cxd4 47. Nd5 Rd7 48.
Nb6 Rb7 49. Nc4 Rb4 50. Rc1 Ne3 51.
Nxe3 dxe3 52. Rc2 Kf6 53. Kg1 Kf5 54. Kf1 Ke4 55. Ke2 Kd4 56.
h3 Rb7 57. Ke1 Rb5 58. Ke2 Rg5 59. g4 Rb5 60. Ke1 h5 61. Ke2 hxg4 62. hxg4 Rb4 63. Ke1 Rb8 64. Rc6 g5 65. Rg6 Rb5 66. b4 Ke4 67. Ke2 Kf4 68. Rf6+ Kxg4 69. Kxe3 Rxb4 70. Rg6 Rf4 71. Rg8 Rf7 72.
Ke2 Kh4 73. Rh8+ Kg3 74. Rh1 Kg2 75. Rh5 g4 76. Ke3 g3 77. Ra5 Kh2 78. Rh5+ Kg1 79. Rg5 g2 80. Ra5 Rh7 81. Ra1+ Kh2 82. Kf2 Rf7+ 0-1

[Event "Vastgota Open 2022"]
[Site "Skara stadshotell, Jarnvagsgatan 5, Skara, Sweden"]
[Date "2022.10.29"]
[Round "4.5"]
[White "Cederqvist, Niclas"]
[Black "Lind, Jan-Olov"]
[Result "1/2-1/2"]
[TimeControl "30 minutes + 10 seconds per move from move one."]
[WhiteFideId "1702076"]
[BlackFideId "1701193"]
[WhiteElo "1883"]
[BlackElo "2123"]

1. d4 Nf6 2. Nf3 g6 3. b3 Bg7 4. Bb2 O-O 5. e3 d6 6. Be2 Nbd7 7. O-O e5 8. dxe5 Ng4 9. c4 Ndxe5 10. Nc3 Nxf3+ 11. Bxf3 Qh4 12. Bxg4 Bxg4 13. Qd2 Be6 14. Nd5 Bxb2 15. Qxb2 Bxd5 16. cxd5 c5 17. dxc6 1/2-1/2

[Event "Vastgota Open 2022"]
[Site "Skara stadshotell, Jarnvagsgatan 5, Skara, Sweden"]
[Date "2022.10.29"]
[Round "4.6"]
[White "Bellon Lopez, Juan Manuel"]
[Black "Johansson, Stefan"]
[Result "0-1"]
[TimeControl "30 minutes + 10 seconds per move from move one."]
[WhiteTitle "GM"]
[WhiteFideId "2200031"]
[BlackFideId "1733745"]
[WhiteElo "2347"]
[BlackElo "1946"]

1. d4 e6 2. Bf4 f5 3. e3 Nf6 4. h3 b6 5. Nf3 Bb7 6. c4 Bb4+ 7. Nbd2 Ne4 8. a3 Bxd2+ 9. Nxd2 Nxd2 10. Qxd2 d6 11. f3 Qh4+ 12. g3 Qh5 13. Rg1 Bxf3 14.
g4 fxg4 15. hxg4 Qg6 16. Bd3 Be4 17. O-O-O Bxd3 18. Qxd3 Qxd3 19. Rxd3 Nd7 20. g5 O-O-O 21. Rd2 e5 22. Bg3 Rdf8 23.
Rh2 Rf3 24. Kd2 h5 25. Ke2 Rf5 26. Be1 g6 27. Rf2 Rhf8 28. Rxf5 Rxf5 29. Bc3 exd4 30. exd4 Nf8 31. Bd2 Ne6 32.
Be3 Kd7 33. b4 a5 34. b5 d5 35. c5 bxc5 36. dxc5 d4 37. Rd1 Ke7 38. Bxd4 Nxd4+ 39. Rxd4 Rxc5 40. a4 Rxg5 41. Rc4 Kd7 42. Kf3 Rg4 43. Rc6 Rxa4 44. Rxg6 Rb4 45. Rg5 h4 46.
Rc5 a4 47. Kg2 a3 48. Rc3 Ra4 49.
Rc1 a2 50. Ra1 Kd6 0-1

[Event "Vastgota Open 2022"]
[Site "Skara stadshotell, Jarnvagsgatan 5, Skara, Sweden"]
[Date "2022.10.29"]
[Round "4.7"]
[White "Ronneland, Daniel"]
[Black "Magnussen, Pal"]
[Result "1-0"]
[TimeControl "30 minutes + 10 seconds per move from move one."]
[WhiteFideId "1702130"]
[BlackFideId "1711814"]
[WhiteElo "2206"]
[BlackElo "1861"]

1. e4 e5 2. Nf3 Nc6 3. Bb5 f5 4. Nc3 fxe4 5. Nxe4 d5 6. Nxe5 dxe4 7. Nxc6 Qg5 8. Qe2 Nf6 9. f4 Qh4+ 10.
g3 Qh3 11. Ne5+ c6 12. Bc4 h5 13. b3 h4 14. Bb2 hxg3 15. O-O-O gxh2 16. Bf7+ Kd8 17. Ng6 Bg4 18. Qc4 Bxd1 19.
Qd4+ Kc7 20. Nxf8 Raxf8 21. Qe5+ Kd7 22. Bg6 Bg4 23. Ba3 Re8 24. Qd6+ Kc8 25. Bc5 Rd8 26. Qe7 Qg2 27. Bxa7 Qxh1+ 28. Kb2 Rd7 29. Qe5 Rc7 30.
Bb6 Rd7 31. Ba7 Rxd2 32. Qb8+ Kd7 33. Qxb7+ Kd6 34. Qb4+ Ke6 35. Qxd2 Qd1 36. Qc3 h1=Q 37. Qxc6+ Qd6 38. Qc4+ Nd5 39.
Bc5 Qxf4 40. Qa6+ Ke5 41. Bd6+ Kd4 42. Qa7+ Nb6 43. Qxb6+ Kd5 44. Bxf4 1-0

[Event "Vastgota Open 2022"]
[Site "Skara stadshotell, Jarnvagsgatan 5, Skara, Sweden"]
[Date "2022.10.29"]
[Round "4.8"]
[White "Gustavsson, Ingemar"]
[Black "Madebrink, Lars"]
[Result "0-1"]
[TimeControl "30 minutes + 10 seconds per move from move one."]
[WhiteFideId "1723340"]
[BlackFideId "1701347"]
[WhiteElo "1903"]
[BlackElo "2094"]

1. e4 c5 2. Nf3 Nc6 3. d4 cxd4 4. Nxd4 Nf6 5. Nc3 d6 6. Bg5 e6 7. f4 Qc7 8. Qd2 a6 9. Be2 Bd7 10.
Bf3 Be7 11. O-O-O Rc8 12. Kb1 Na5 13. Nde2 Nc4 14. Qd3 b5 15. b3 Nb6 16. f5 b4 17. fxe6 fxe6 18. e5 dxe5 19. Bxf6 Bxf6 20.
Ne4 O-O 21. h4 Bb5 22. Qd2 Rfd8 23. Nxf6+ gxf6 24. Qc1 e4 25. Bg4 Qe5 26. Qb2 Qxb2+ 27. Kxb2 f5 28. Bh5 Nd5 29. Nd4 Nf4 30.
Nxb5 axb5 31. Rxd8+ Rxd8 32. Bd1 Rd2 33. g3 Nd3+ 34. Kb1 Nf2 35. Kc1 Nxh1 36. Kxd2 Nxg3 37. c3 bxc3+ 38. Kxc3 f4 39. a4 f3 40. Kd2 bxa4 41. bxa4 Nf5 42. a5 e3+ 43. Ke1 e2 44. a6 exd1=Q+ 45.
Kxd1 Ne3+ 46. Ke1 Nd5 47. Kf2 Kf7 48. Kxf3 Ke7 49. Ke4 Kd6 50. Kd4 Nc7 51. a7 Nb5+ 52. Ke4 Nxa7 53. Kf4 Ke7 54.
Kg5 Kf7 55. h5 Kg7 56. h6+ Kf7 0-1

[Event "Vastgota Open 2022"]
[Site "Skara stadshotell, Jarnvagsgatan 5, Skara, Sweden"]
[Date "2022.10.29"]
[Round "4.9"]
[White "Aroven, Mikael"]
[Black "Bailly, Thierry"]
[Result "1/2-1/2"]
[TimeControl "30 minutes + 10 seconds per move from move one."]
[WhiteFideId "1709534"]
[BlackFideId "26051680"]
[WhiteElo "2089"]
[BlackElo "1931"]

1. Nf3 Nf6 2. c4 e6 3. e3 d5 4. Nc3 Be7 5. b3 O-O 6. Bb2 c5 7. cxd5 exd5 8. d4 cxd4 9. Nxd4 Nc6 10.
Be2 Be6 11. O-O Qd7 12. Rc1 Rac8 13. a3 Nxd4 14. Qxd4 Bc5 15. Qh4 Be7 16. Qa4 Qxa4 17. Nxa4 Ne4 18. b4 Nd2 19. Rfd1 Nc4 20.
Bxc4 dxc4 21. Bd4 b6 22. Nc3 Bf6 23. Bxf6 gxf6 24. Rd4 Rfd8 25. Rcd1 Rxd4 26. Rxd4 Kf8 27. Kf1 Ke7 28. Ke2 a5 29.
b5 Rc5 30. a4 Rg5 31. g3 Rh5 32. h4 Rc5 33. Kd2 f5 34. Ne2 f6 35. Kc3 Rc7 36. Ng1 Bf7 37. Nf3 Rc8 38. Nd2 Be6 39.
Nxc4 Kf7 40. Kd3 Bxc4+ 41. Rxc4 Rd8+ 42. Rd4 Rc8 43.
Rd7+ Kg6 44. Rd6 Rc1 45. Ke2 Ra1 46. Rd4 Kf7 47. Rd6 Rxa4 48. Rxb6 Rb4 49. Rb7+ Kg6 50. b6 a4 51. Ra7 Rxb6 52. Rxa4 h5 53. Ra7 Rb5 54. Rd7 Rc5 55. Kf3 Rb5 56.
Rd4 Rb2 57. Rf4 Rb3 58. Ke2 Rb2+ 59. Kd3 Rb3+ 60. Kc4 Rb2 61. Kd5 Rb5+ 62. Kc6 Rb2 63. Kc5 Rc2+ 64. Kd4 Ra2 65. Kd3 Ra3+ 66.
Ke2 Ra2+ 67. Kf3 Ra3 68. Rb4 Ra2 69. Rb8 Ra4 70. Rg8+ Kf7 71. Rh8 Kg6 72. Rd8 Ra2 73. Rd4 Rb2 74.
e4 fxe4+ 75. Rxe4 Kf5 76. Re3 Rb4 77. Ra3 Rb5 78.
Ra4 Rb3+ 79. Kg2 Rb5 80. Rf4+ Kg6 81. Kf3 Rb3+ 82. Ke4 Rb4+ 83. Ke3 Rb3+ 84. Kd2 Rb2+ 85. Kc3 Ra2 86. Kd4 Ra4+ 87. Ke3 Ra3+ 88. Ke4 Ra4+ 89. Kf3 Ra3+ 90. Kg2 Ra2 91.
Kh3 Ra3 92. f3 f5 93. Kg2 Ra2+ 94. Kf1 Ra1+ 95. Kf2 Ra2+ 96. Ke3 Ra3+ 97. Kf2 Ra2+ 98. Kf1 Ra1+ 99. Kg2 Ra2+ 100. Kh3 Ra3 101. Rb4 Rxf3 102. Rb6+ Kg7 103. Kg2 Ra3 104. Kf2 Rc3 105. Re6 f4 106. gxf4 Rh3 107. Ra6 Rxh4 108. Kf3 Rh1 109. Ke4 Rb1 110. Ra5 Kg6 111. Rg5+ Kh6 112. Rd5 Rb8 113. Rd6+ Kg7 114. Ke5 h4 115.
Kf5 h3 116. Rg6+ Kf7 117. Rh6 Rb5+ 118. Kg4 Rb3 1/2-1/2

[Event "Vastgota Open 2022"]
[Site "Skara stadshotell, Jarnvagsgatan 5, Skara, Sweden"]
[Date "2022.10.29"]
[Round "4.10"]
[White "Ranby, Hans"]
[Black "Nilsson, Patrik"]
[Result "0-1"]
[TimeControl "30 minutes + 10 seconds per move from move one."]
[WhiteFideId "1710311"]
[BlackFideId "1708171"]
[WhiteElo "1858"]
[BlackElo "2085"]

1. b4 d5 2. Bb2 e6 3. Nf3 Nf6 4. a3 Bd6 5. e3 Qe7 6. c4 c6 7. Nc3 O-O 8. Be2 e5 9. cxd5 cxd5 10.
Nb5 Re8 11. Rc1 Bd7 12. Nxd6 Qxd6 13. O-O e4 14. Nd4 a6 15. Qb3 Nc6 16. Nxc6 Bxc6 17. b5 axb5 18. Bxb5 Ng4 19. g3 Qh6 20.
h4 g5 21. Kg2 Qh5 22. Bxc6 bxc6 23. Rxc6 gxh4 24. Rh1 Qf5 25. f4 exf3+ 26. Kf1 hxg3 0-1

[Event "Vastgota Open 2022"]
[Site "Skara stadshotell, Jarnvagsgatan 5, Skara, Sweden"]
[Date "2022.10.29"]
[Round "5.1"]
[White "Golubka, Petro"]
[Black "Blomqvist, Erik"]
[Result "1/2-1/2"]
[TimeControl "30 minutes + 10 seconds per move from move one."]
[WhiteTitle "GM"]
[BlackTitle "GM"]
[WhiteFideId "14114224"]
[BlackFideId "1709437"]
[WhiteElo "2335"]
[BlackElo "2490"]

1. d4 d5 2. Bg5 f6 3. Bh4 Nh6 4. f3 c5 5. e3 Nc6 6. Nc3 e6 7. Bb5 Qb6 8. Nge2 cxd4 9. exd4 Nf5 10.
Bf2 Nd6 11. a4 Bd7 12. Nf4 Nxb5 13. axb5 Nb4 14. Qe2 Kf7 15. O-O 1/2-1/2

[Event "Vastgota Open 2022"]
[Site "Skara stadshotell, Jarnvagsgatan 5, Skara, Sweden"]
[Date "2022.10.29"]
[Round "5.2"]
[White "Thyberg, Andre"]
[Black "Eklund, Lars-Goran"]
[Result "1/2-1/2"]
[TimeControl "30 minutes + 10 seconds per move from move one."]
[BlackTitle "FM"]
[WhiteFideId "1764764"]
[BlackFideId "1701010"]
[WhiteElo "1632"]
[BlackElo "2176"]

1. e4 Nc6 2. d4 d5 3. exd5 Qxd5 4. Nf3 e5 5. Nc3 Bb4 6. Bd2 Bxc3 7. Bxc3 e4 8. Ne5 Nxe5 9. dxe5 Ne7 10.
b3 Be6 11. Be2 Qc5 12. Qd4 Qc6 13. O-O Rd8 14. Qa4 Qxa4 15. bxa4 Nd5 16. Bd2 Nb6 17. Be3 Nxa4 18. Bb5+ Bd7 19.
Bxa4 Bxa4 20. Bg5 Rd7 21. Rfd1 h6 22. Be3 Ke7 23. Rd4 Rxd4 24. Bxd4 Rd8 25. c3 b6 26. Be3 Ke6 27. f4 exf3 28.
gxf3 Rd3 29. Kf2 Rxc3 30. Rc1 Rxc1 31. Bxc1 h5 32. Ke3 c5 33. h4 Kd5 34. f4 Bc2 35. Kd2 Bb1 36. a3 Kc4 37.
Bb2 g6 38. Kc1 Bf5 39. e6 fxe6 40. Be5 b5 41. Kb2 a5 42. Bd6 Kd5 43. Bc7 Ke4 44. Kc3 b4+ 45. axb4 cxb4+ 46. Kc4 Kf3 47. Bxa5 Kxf4 48. Bxb4 e5 49.
Be7 Kf3 50. Bg5 Be6+ 51. Kd3 Bf5+ 52. Kc4 Ke4 53. Bf6 Be6+ 54. Kc3 Kf5 55. Bg5 Ke4 56. Bf6 Bc8 57. Kd2 Ba6 58. Ke1 Kf4 59. Kf2 Kg4 60. Ke3 Bb7 61. Bg5 Kf5 62. Be7 Ke6 63. Bg5 Bc6 64. Bd8 Bb7 1/2-1/2

[Event "Vastgota Open 2022"]
[Site "Skara stadshotell, Jarnvagsgatan 5, Skara, Sweden"]
[Date "2022.10.29"]
[Round "5.3"]
[White "Cramling, Pia"]
[Black "Ronneland, Daniel"]
[Result "1-0"]
[TimeControl "30 minutes + 10 seconds per move from move one."]
[WhiteTitle "GM"]
[WhiteFideId "1700030"]
[BlackFideId "1702130"]
[WhiteElo "2421"]
[BlackElo "2206"]

1. d4 Nf6 2. c4 c5 3. d5 b5 4. Nf3 d6 5. cxb5 a6 6. e3 g6 7. Nc3 Bg7 8. a4 O-O 9. Rb1 Nbd7 10. e4 axb5 11. Bxb5 Ba6 12. O-O Bxb5 13.
axb5 Qa5 14. Bd2 Ng4 15. Qe2 Nge5 16. Nxe5 Bxe5 17. Rfc1 Rfb8 18. g3 Qb4 19. Kg2 c4 20. Nd1 Qxb5 21.
Qxc4 Qxc4 22. Rxc4 Ra2 23. Be3 Rb3 24. Rc7 Nf6 25. Bh6 Ra8 26. Rbc1 Rbb8 27. Rxe7 Ng4 28. Bd2 Bxb2 29. Rc2 Bd4 30.
h3 Rb1 31. hxg4 Rxd1 32. Bh6 Bg7 33. Bxg7 Kxg7 34. Rcc7 Rf8 35. g5 Rb1 36. Red7 Rb6 37. Kf3 h6 38. gxh6+ Kxh6 39. Rxf7 Re8 40.
Kf4 g5+ 41. Kf5 Re5+ 42. Kf6 Kh5 43. f3 1-0

[Event "Vastgota Open 2022"]
[Site "Skara stadshotell, Jarnvagsgatan 5, Skara, Sweden"]
[Date "2022.10.29"]
[Round "5.4"]
[White "Johansson, Ulf"]
[Black "Blauhut, Holger"]
[Result "1-0"]
[TimeControl "30 minutes + 10 seconds per move from move one."]
[BlackTitle "CM"]
[WhiteFideId "1701380"]
[BlackFideId "24665177"]
[WhiteElo "2183"]
[BlackElo "2037"]

1. Nf3 d5 2. g3 Nf6 3. Bg2 e6 4. O-O Be7 5. d4 c5 6. c4 Nc6 7. Nc3 dxc4 8. Qa4 O-O 9. dxc5 Bxc5 10. Qxc4 Be7 11. Bf4 Qb6 12.
Qb5 Qxb5 13. Nxb5 Nd5 14. Bd6 Rd8 15. Bxe7 Ncxe7 16. Rfd1 Bd7 17. Nbd4 Rac8 18. Ne5 Be8 19. Rd2 Rd6 20.
Rad1 Rb6 21. e4 Nf6 22. b3 g6 23. Nc4 Ra6 24. e5 Nfd5 25. Nd6 Rb8 26. Bf1 Ra5 27. Rc1 Nc6 28. Nxc6 Bxc6 29.
Nc4 Rc5 30. a3 Bd7 31. Rcd1 Bb5 32.
Nd6 Bxf1 33. Kxf1 Ne7 34. Ne4 Rd5 35. Nf6+ 1-0

[Event "Vastgota Open 2022"]
[Site "Skara stadshotell, Jarnvagsgatan 5, Skara, Sweden"]
[Date "2022.10.29"]
[Round "5.5"]
[White "Lind, Jan-Olov"]
[Black "Bengtsson, Jessica"]
[Result "1/2-1/2"]
[TimeControl "30 minutes + 10 seconds per move from move one."]
[BlackTitle "WFM"]
[WhiteFideId "1701193"]
[BlackFideId "1711083"]
[WhiteElo "2123"]
[BlackElo "2003"]

1. e4 e5 2. Nf3 Nc6 3. d4 exd4 4. c3 d5 5. exd5 Qxd5 6. cxd4 Bg4 7. Be2 Bb4+ 8. Nc3 Bxf3 9. Bxf3 Qc4 10.
Qb3 Qxb3 11. axb3 Nge7 12. Be3 O-O 13. O-O a6 14. Bxc6 Nxc6 15. Nd5 Bd6 16. Rfc1 Rac8 17. g3 Rfd8 18.
Nc3 Rd7 19. Ne4 Rcd8 20. Kg2 h6 21. Nxd6 Rxd6 22. Rc4 Rd5 23. Rac1 R8d7 24. Rc5 Nxd4 25. Bxd4 Rxd4 26. Rxc7 Rxc7 27.
Rxc7 Rb4 28. Rc3 1/2-1/2

[Event "Vastgota Open 2022"]
[Site "Skara stadshotell, Jarnvagsgatan 5, Skara, Sweden"]
[Date "2022.10.29"]
[Round "5.6"]
[White "Madebrink, Lars"]
[Black "Bengtsson, Siv"]
[Result "1-0"]
[TimeControl "30 minutes + 10 seconds per move from move one."]
[WhiteFideId "1701347"]
[BlackFideId "1701673"]
[WhiteElo "2094"]
[BlackElo "1952"]

1. d4 Nf6 2. c4 e6 3. Nc3 Bb4 4. f3 O-O 5. e4 d5 6. e5 Nfd7 7. cxd5 exd5 8. f4 c5 9. Nf3 Nc6 10.
Be3 cxd4 11. Bxd4 Re8 12. a3 Bxc3+ 13. Bxc3 Nc5 14. Be2 Ne4 15. Bd4 Bg4 16. O-O Rc8 17. Rc1 h6 18. h3 Be6 19.
Bb5 a6 20. Ba4 Ng3 21. Rf2 b5 22. Bc2 Nf5 23. Qd3 g6 24. Rd1 Ng3 25. Qe3 Bf5 26. Bxf5 Nxf5 27. Qd3 Qd7 28. Kh2 Red8 29.
Bb6 Re8 30. Qxd5 Qb7 31. Bd4 Rcd8 32. Qe4 Nd6 33. Qe1 Nxd4 34. Rxd4 Qb6 35. Rfd2 Nc4 36. Rxd8 Rxd8 37. Rxd8+ Qxd8 38. e6 Qe7 39. exf7+ Qxf7 40.
Qe4 Kh7 41. b3 Nd6 42. Qe5 Nf5 43. g4 Ne7 44. Nd4 Nd5 45. f5 gxf5 46. Nxf5 Nf6 47. Nd4 Nd5 48. Kg3 Qc7 49. Qxc7+ Nxc7 50. Kf4 Kg6 51. h4 Nd5+ 52.
Ke5 Nf6 53. h5+ Kf7 54. Kf5 Nd5 55. g5 hxg5 56. Kxg5 Nf6 57. h6 Ne4+ 58. Kf4 Nc5 59. Kf5 Nd3 60. Ne6 Kg8 61. Nf4 Nc5 62.
Kg6 Nxb3 63. h7+ Kh8 64. Kh6 Nc5 65. Ng6# 1-0

[Event "Vastgota Open 2022"]
[Site "Skara stadshotell, Jarnvagsgatan 5, Skara, Sweden"]
[Date "2022.10.29"]
[Round "5.7"]
[White "Nilsson, Patrik"]
[Black "Cederqvist, Niclas"]
[Result "1-0"]
[TimeControl "30 minutes + 10 seconds per move from move one."]
[WhiteFideId "1708171"]
[BlackFideId "1702076"]
[WhiteElo "2085"]
[BlackElo "1883"]

1. d4 d5 2. Bf4 Nf6 3. e3 Bf5 4. c4 e6 5. Nc3 c6 6. Qb3 b6 7. Nf3 Bd6 8. Ne5 Nh5 9. cxd5 Nxf4 10.
exf4 exd5 11. Be2 O-O 12. O-O a5 13. a4 Bd7 14. Bf3 Ra7 15. Rac1 Na6 16. Nd1 Nb4 17. Ne3 Be8 18. Nc2 Rc7 19.
Nxb4 axb4 20. Rc2 Bxe5 21. fxe5 Qe7 22. Qe3 Ra7 23. b3 f6 24. Re1 fxe5 25. dxe5 Rb7 26. e6 Rf6 27. Qe5 Rc7 28.
Bxd5 c5 29. Rd2 h6 30. Bc4 Kh7 31. Rd6 Rc6 32. Qe4+ 1-0